 Dungeon Crawl Stone Soup version 0.20-a0-731-gecde0bf (webtiles) character file.

38 Alarkh the Skirmisher (level 3, -2/29 HPs)
             Began as a Mummy Monk on Feb 22, 2017.
             Shot with an arrow by a centaur (14 damage)
             ... on level 1 of the Dungeon.
             The game lasted 00:01:11 (1300 turns).

Alarkh the Skirmisher (Mummy Monk)                  Turns: 1300, Time: 00:01:11

Health: -2/29      AC:  2    Str: 14    XL:     3   Next: 25%
Magic:  3/3        EV: 13    Int: 10    God:
Gold:   71         SH:  0    Dex: 14    Spells: 2/2 levels left

rFire    x . .     SeeInvis .   a - +0 falchion
rCold    + . .     Gourm    .   b - +0 robe
rNeg     + + +     Faith    .   (no shield)
rPois    ∞         Spirit   .   (no helmet)
rElec    .         Reflect  .   (no cloak)
rCorr    .         Harm     .   (no gloves)
MR       .....                  (no boots)
Stlth    +++.......             (no amulet)
Regen    0.1/turn               (no ring)
MPRegen  0.1/turn               f - ring of stealth

@: about to teleport
A: no food or potions, fire vulnerability, cold resistance 1, negative energy
resistance 3, torment resistance, unbreathing
a: no special abilities


You were on level 1 of the Dungeon.
You were not hungry.

You visited 1 branch of the dungeon, and saw 1 of its levels.

You collected 71 gold pieces.

Inventory:

Hand Weapons
 a - a +0 falchion (weapon)
Armour
 b - a +0 robe (worn)
Jewellery
 f - a ring of stealth (left hand)
Scrolls
 d - a scroll of remove curse
 e - 2 scrolls of identify


   Skills:
 + Level 3.4 Fighting
 * Level 3.1 Long Blades
 + Level 2.6 Dodging
 - Level 1.5 Stealth


You had 2 spell levels left.
You didn't know any spells.

Dungeon Overview and Level Annotations

Branches:
Dungeon (1/15)

Altars:


Innate Abilities, Weirdness & Mutations

You do not eat or drink.
Your flesh is vulnerable to fire.
You are immune to poison.
Your flesh is cold resistant. (rC+)
You are immune to negative energy. (rN+++)
You are immune to unholy pain and torment.
You can survive without breathing.


Message History

No target in view!
No target in view!
A giant cockroach comes into view.
A kobold comes into view. It is wielding a whip of distortion.
You aren't carrying any items that you can evoke.
A centaur comes into view.
The centaur wields a shortbow.
The centaur shoots an arrow.
The arrow misses you.
You see here an arrow.
The centaur shoots an arrow.
The arrow hits you!
You see here an arrow.
The centaur shoots an arrow.
The arrow hits you but does no damage.
You see here an arrow.
The centaur shoots an arrow.
The arrow closely misses you.
You see here an arrow.
As you read the scroll of teleportation, it crumbles to dust.
You feel strangely unstable.
The centaur shoots an arrow.
The arrow completely misses you.
The centaur shoots an arrow.
The arrow hits you!
You die...

################.####...........#
.......)........................#
################.####........!..#
...............#.# #...........#
########...(.#.#.# #...........#
#....#.#.#.# ###......####
##....)..#.# #......#
########....c###.######......####
.............(((@..)...........>#
########.....###.#.####......##.#
#...#.###.#.####......##.# [#
#..†#.##..................
#.#.#...#.##..............##.#
#.#.#...#..#..............##.#
#.#.#...##.#........#'######.#
#.#.#......'........#.# #.#
#.#.#..###.#........#.# #.#


You could see a centaur.

Vanquished Creatures
  An ooze (D:1)
  A dart slug (D:1)
  3 leopard geckos (D:1)
  A bat (D:1)
  A giant cockroach (D:1)
  A goblin (D:1)
  4 hobgoblins (D:1)
  6 jackals (D:1)
  3 frilled lizards (D:1)
  2 kobolds (D:1)
  3 rats (D:1)
26 creatures vanquished.

Notes
Turn   | Place    | Note
-------+----------+-------------------------------------------
     0 | D:1      | Alarkh the Mummy Monk began the quest for the Orb.
     0 | D:1      | Reached XP level 1. HP: 18/18 MP: 1/1
   241 | D:1      | Reached XP level 2. HP: 11/24 MP: 2/2
   628 | D:1      | HP: 1/24 [hobgoblin/club (5)]
  1054 | D:1      | Reached XP level 3. HP: 24/29 MP: 3/3
  1293 | D:1      | Noticed a centaur
  1300 | D:1      | Shot with an arrow by a centaur

Vault maps used:
D:1:      eino_arrival_druids_welcome

Skill      XL: |  1  2 |
---------------+-------+-----
Long Blades    | 3 |  3.1
Fighting       | |  3.4
Dodging        | |  2.6
Stealth        | |  1.5

Action                   || total
-------------------------++-------
Melee: Falchion          ||    83
  Use: Scroll            ||     3
 Stab: Sleeping          ||     1
Armor: Robe              ||    18
Dodge: Dodged            ||    82
       Rpst.: Falchion   ||    23
